 Dungeon Crawl Stone Soup version 0.18-a0-1788-g92de1ac (webtiles) character file.

469 Mefis the Magician (level 7, 0/47 HPs)
             Began as a Human Wizard on Apr 20, 2016.
             Was a Follower of Sif Muna.
             Killed by divine providence
             ... invoked by an orc priest
              (10 damage)
             ... on level 5 of the Dungeon.
             The game lasted 01:17:42 (6649 turns).

Mefis the Magician (Human Wizard)                   Turns: 6649, Time: 01:17:43

Health: 0/47       AC:  3    Str:  8    XL:     7   Next: 30%
Magic:  14/14      EV: 13    Int: 20    God:    Sif Muna [*.....]
Gold:   100        SH:  0    Dex: 11    Spells: 7 memorised, 0 levels left

rFire  . . .     SeeInvis .     i - +0 rapier
rCold  . . .     Gourm    .     J - +0 robe
rNeg   . . .     Faith    .     (no shield)
rPois  .         Spirit   .     b - +0 hat
rElec  .         Dismiss  .     g - +0 cloak
rCorr  .         Reflect  .     (no gloves)
SustAt +         Harm     .     (no boots)
MR     .....                    (no amulet)
Stlth  ++........               (no ring)
                                r - ring of sustain attributes

@: not resistant to hostile enchantments, unstealthy
A: no striking features
a: Channel Energy, Renounce Religion


You were on level 5 of the Dungeon.
You worshipped Sif Muna.
Sif Muna was aware of your devotion.
You were not hungry.

You visited 1 branch of the dungeon, and saw 5 of its levels.

You collected 100 gold pieces.

Inventory:

Hand Weapons
 h - a +0 dagger
 i - a +0 rapier (weapon)
 s - a +0 short sword
 G - a +0 hunting sling
Missiles
 j - 87 arrows
 k - 10 sling bullets
 l - 20 poisoned needles
 H - 129 stones (quivered)
Armour
 a - a +0 robe
 b - a +0 hat (worn)
 g - a +0 cloak (worn)
 x - a +2 leather armour of fire resistance
 J - a +0 robe (worn)
Jewellery
 r - a ring of sustain attributes (left hand)
Scrolls
 n - a scroll of immolation
 p - a scroll of enchant armour {unknown}
 q - a scroll of blinking {unknown}
 t - 2 scrolls of identify
 u - a scroll of teleportation
 y - a scroll of fog {unknown}
 C - a scroll of remove curse {unknown}
 D - a scroll of magic mapping {unknown}
 E - 2 scrolls of fear {unknown}
 I - a scroll of random uselessness {unknown}
Potions
 e - a potion of haste {unknown}
 f - a potion of flight {unknown}
 o - a potion of brilliance {unknown}
 v - a potion of magic {unknown}
 w - a potion of might {unknown}
 A - a potion of heal wounds
 B - 4 potions of resistance
 F - a potion of berserk rage {unknown}
 K - a potion of curing
Books
 c - a book of Minor Magic

   Spells                             Type                      Level
   a - Magic Dart                     Conjuration                  1
   b - Blink                          Translocation                2
   c - Call Imp                       Summoning                    2
   d - Repel Missiles                 Charms/Air                   2
   e - Slow                           Hexes                        2
   f - Conjure Flame                  Conjuration/Fire             3
   g - Mephitic Cloud                 Conjuration/Poison/Air       3
Comestibles
 d - a bread ration
 m - 3 meat rations
 z - a fruit


   Skills:
 + Level 0.8 Fighting
 + Level 0.4 Short Blades
 + Level 3.2 Dodging
 + Level 3.0 Stealth
 + Level 0.2 Unarmed Combat
 + Level 4.8 Spellcasting
 + Level 2.4 Conjurations
 + Level 0.2 Charms
 + Level 3.2 Summonings
 + Level 1.1 Translocations
 + Level 0.2 Fire Magic
 + Level 0.6 Air Magic
 + Level 0.4 Poison Magic


You couldn't memorise any spells.
You knew the following spells:

 Your Spells              Type           Power        Failure   Level  Hunger
a - Magic Dart            Conj           ##..         4%          1    None
b - Call Imp              Summ           ###.....     6%          2    #......
c - Blink                 Tloc           N/A          14%         2    #......
d - Repel Missiles        Chrm/Air       #.....       17%         2    #......
e - Mephitic Cloud        Conj/Pois/Air  #.......     24%         3    ##.....
f - Conjure Flame         Conj/Fire      ##......     21%         3    ##.....
g - Slow                  Hex            #.......     21%         2    #......


Dungeon Overview and Level Annotations

Branches:
Dungeon (5/15)
 Temple: D:4-7

Altars:
Ashenzari
Elyvilon
Ru
Sif Muna


Message History

The orc priest calls down the wrath of Beogh upon you.
Beogh smites you!
The orc priest calls down the wrath of Beogh upon you.
Pain shoots through your body!
* * * LOW HITPOINT WARNING * * *
There is an open door here.
You close the door.
An ogre opens the door.
The orc priest hits you but does no damage.
You open the door.
The orc priest looks braver for a moment.
There is an open door here.
The orc priest looks braver for a moment.
You open the door.
There is an open door here.
The orc priest hits you.
* * * LOW HITPOINT WARNING * * *
A shadow imp comes into view.
The orc priest invokes the aid of Beogh against you.
Beogh smites you!
You die...

........#...# ..... ........#...#
...... #####+
........#...######...... #.....
........#...#........... #.....
........#..O'........... #.....
........#...#o......... #.....
#####'###O..#.o......5. #...#.
#...O.'....#.....#### ##...#.
#.....##...#...@.# #......
#.....##...#....># #......
########...#.....# #......
#......#...#.....# ###'#†.
##.>....#...#.....# #...#.
........#...#.....# +.....
........#...'.....##########.....
........'...#..............#.....
........#####..<...........####..


You could see an ogre, an orc priest and an orc.

Vanquished Creatures
  2 adders
  An ooze (D:3)
  3 adder skeletons
  4 dart slugs
  5 giant geckos
  3 orcs (D:4)
  5 bats
  2 giant cockroaches
  6 goblins
  11 hobgoblins
  12 kobolds
  A quokka (D:2)
  A giant gecko skeleton (D:3)
  3 giant newts
  3 rats
62 creatures vanquished.

Vanquished Creatures (collateral kills)
  Eustachio (D:4)
  2 phantoms (D:4)
  The ghost of Kilingo the Covered, an amateur MiBe of Trog (D:3)
  A scorpion (D:4)
  A centaur skeleton (D:4)
  3 worker ants
  Robin (D:4)
  2 adders
  An adder zombie (D:3)
  A worm (D:2)
  A giant gecko (D:4)
  5 orcs (D:4)
  9 goblins
  8 jackals
  A quokka (D:3)
  A giant gecko zombie (D:3)
  A giant newt (D:3)
  A kobold (D:2)
  2 quokka skeletons (D:3)
  A rat (D:3)
44 creatures vanquished.

Vanquished Creatures (others)
  A hound (D:5)
  A centaur skeleton (D:5)
  An adder (D:5)
  4 toadstools (D:1)
7 creatures vanquished.

Grand Total: 113 creatures vanquished

Notes
Turn   | Place    | Note
--------------------------------------------------------------
     0 | D:1      | Mefis the Human Wizard began the quest for the Orb.
     0 | D:1      | Reached XP level 1. HP: 13/13 MP: 4/4
   390 | D:1      | Found a shattered altar of Ashenzari.
   423 | D:1      | Reached XP level 2. HP: 19/19 MP: 1/6
   442 | D:1      | Learned a level 2 spell: Call Imp
   445 | D:1      | Learned a level 2 spell: Blink
   448 | D:1      | Learned a level 2 spell: Repel Missiles
   924 | D:1      | Reached XP level 3. HP: 24/24 MP: 3/7
  1342 | D:2      | Found a deep blue altar of Sif Muna.
  1350 | D:2      | Became a worshipper of Sif Muna the Loreminder
  1463 | D:2      | Found a sacrificial altar of Ru.
  1770 | D:2      | Reached XP level 4. HP: 22/30 MP: 1/9
  2590 | D:3      | Noticed Kilingo's ghost (amateur MiBe)
  2761 | D:4      | Noticed a phantom
  2818 | D:4      | Killed a phantom
  2818 | D:4      | Reached skill level 4 in Spellcasting
  2818 | D:4      | Reached XP level 5. HP: 24/35 MP: 1/11
  2823 | D:4      | Learned a level 3 spell: Mephitic Cloud
  3827 | D:4      | Noticed a phantom
  3888 | D:4      | Killed a phantom
  3888 | D:4      | Reached XP level 6. HP: 25/42 MP: 6/12
  3894 | D:4      | Learned a level 3 spell: Conjure Flame
  4764 | D:3      | Killed Kilingo's ghost
  4933 | D:3      | Found a white marble altar of Elyvilon.
  5222 | D:4      | Noticed Eustachio
  5266 | D:4      | Reached * piety under Sif Muna
  5444 | D:4      | Reached XP level 7. HP: 47/47 MP: 8/13
  5448 | D:4      | Learned a level 2 spell: Slow
  5496 | D:4      | Noticed Robin
  5712 | D:4      | Killed Robin
  6008 | D:4      | Killed Eustachio
  6062 | D:5      | Entered Level 5 of the Dungeon
  6649 | D:5      | Killed from afar by an orc priest

Vault maps used:
D:1:      ldierk_walled_garden_2, serial_bayou_pond_e, ashenzari_altar_1
D:2:      marbit_many_paths, lemuel_crystal_altar
D:3:      lemuel_crystal_altar, serial_undead, serial_undead_c, serial_undead_e,
          serial_undead_a, serial_undead_b, serial_undead_a, serial_undead_c,
          serial_undead_e, serial_undead_f
D:4:      uniq_eustachio, uniq_robin
D:5:      zin_statuary, kennysheep_mini, first_bread, grunt_ministairs_8,
          lemuel_flamethrower_2

Skill      XL: |  1  2  3  4  5  6 |
---------------+-------------------+-----
Spellcasting   | 4 |  4.8
Dodging        | 3 |  3.2
Conjurations   | 2 |  2.4
Summonings     | 2 3 |  3.2
Stealth        | 3 |  3.0
Fighting       | |  0.8
Short Blades   | |  0.4
Unarmed Combat | |  0.2
Charms         | |  0.2
Translocations | |  1.1
Fire Magic     | |  0.2
Air Magic      | |  0.6
Poison Magic   | |  0.4

Action                   |  1- 3 |  4- 6 |  7- 9 || total
-------------------------+-------+-------+-------++-------
Melee: Unarmed           |    12 |       |       ||    12
       Dagger            |    55 |       |       ||    55
       Short sword       |     7 |   121 |    16 ||   144
       Rapier            |       |       |     1 ||     1
 Fire: Hunting sling     |       |       |     3 ||     3
 Cast: Magic Dart        |    53 |    71 |     9 ||   133
       Repel Missiles    |     1 |       |       ||     1
       Call Imp          |     6 |    48 |    14 ||    68
       Conjure Flame     |       |     2 |     4 ||     6
       Mephitic Cloud    |       |       |     5 ||     5
       Blink             |       |       |     3 ||     3
  Use: Scroll            |       |     1 |     1 ||     2
       Potion            |       |     1 |     1 ||     2
 Stab: Sleeping          |     1 |     3 |     1 ||     5
       Distracted        |       |     1 |       ||     1
  Eat: Chunk             |     3 |     7 |       ||    10
       Bread ration      |       |     1 |     1 ||     2
       Fruit             |       |     1 |       ||     1
Armor: Robe              |    17 |    33 |     6 ||    56
Dodge: Dodged            |    69 |   111 |    15 ||   195
       Deflected         |       |     2 |       ||     2
